 Dungeon Crawl Stone Soup version 0.21.1-1-g345015f (webtiles) character file.

5256 teukkam the Grappler (level 10, -3/100 HPs)
             Began as a Troll Monk on Feb 23, 2018.
             Slain by a wolf (7 damage)
             ... on level 2 of the Lair of Beasts.
             The game lasted 00:18:57 (2412 turns).

teukkam the Grappler (Troll Monk)                   Turns: 2412, Time: 00:18:57

Health: -3/100     AC:  7    Str: 24    XL:     10   Next: 36%
Magic:  9/9        EV: 16    Int:  6    God:
Gold:   138        SH:  0    Dex: 14    Spells: 9/9 levels left

rFire    . . .     SeeInvis .     - Unarmed
rCold    . . .     Gourm    +   (no shield)
rNeg     . . .     Faith    .   a - +0 robe
rPois    .         Spirit   .   (helmet restricted)
rElec    .         Reflect  .   l - +1 cloak
rCorr    .         Harm     .   (gloves unavailable)
MR       .....                  (boots unavailable)
Stlth    +++.......             (no amulet)
HPRegen  0.66/turn              q - ring of wizardry
MPRegen  0.11/turn              (no ring)

@: no status effects
A: large, unfitting armour, claws 3, repulsion field 1, agile 1, fast metabolism
3, gourmand, regeneration 1, shaggy fur 1, tough skin 2
a: no special abilities


You were on level 2 of the Lair of Beasts.
You were completely stuffed.

You visited 2 branches of the dungeon, and saw 12 of its levels.

You collected 138 gold pieces.

Inventory:

Hand Weapons
 k - a +4 quarterstaff of chaos
 r - a +0 whip of flaming
Missiles
 o - 63 arrows
Armour
 a - a +0 robe (worn)
 l - a +1 cloak (worn)
Jewellery
 q - a ring of wizardry (left claw)
Wands
 d - a wand of iceblast (9)
 f - a wand of disintegration (4)
 j - a wand of random effects (11)
Scrolls
 e - a scroll of immolation
 p - a scroll of identify
Potions
 g - 2 potions of mutation
 i - 3 potions of flight
 m - a potion of brilliance
 n - a potion of curing
 s - a potion of might
Comestibles
 b - 5 rations
 t - 15 chunks of flesh


   Skills:
 + Level 6.9 Fighting
 + Level 6.9 Dodging
 + Level 5.0 Stealth
 + Level 8.3 Unarmed Combat


You had 9 spell levels left.
You didn't know any spells.

Dungeon Overview and Level Annotations

Branches:
Dungeon (10/15)              Lair (2/6) D:9             Orc (0/2) D:9
 Temple: D:4-7        Swamp: Lair:2-4    Shoals: Lair:2-4     Snake: Lair:2-4
 Spider: Lair:2-4

Altars:
Cheibriados
Trog
Uskayaw
Xom

Shops:
D:5 (

Portals:
Labyrinth: Lair:1


Innate Abilities, Weirdness & Mutations

You are too large for most types of armour.
You have claws for hands.
Your metabolism is lightning-fast.
You like to eat raw meat.
Your natural rate of healing is unusually fast.
You are covered in fur. (AC +1)
You have very tough skin. (AC +2)
You are surrounded by a mild repulsion field. (EV +2)
You are agile. (Dex +2)


Message History

Aim: a wolf (chance to defeat MR: 46%)
The wolf suddenly stops moving!
The now-empty wand crumbles to dust.
The wolf closely misses you.
Evoke which item? (* to show all) (? for menu, Esc to quit)
You don't have any such object.
Evoke which item? (* to show all) (? for menu, Esc to quit)
You don't have any such object.
Evoke which item? (* to show all) (? for menu, Esc to quit)
Aiming: Random Effects
Press: ? - help, Shift-Dir - straight line, f - wolf, p - wolf
Aim: a wolf (heavily wounded)
The bolt of poison hits the wolf.
The wolf is almost dead.
The wolf barely misses you. The wolf bites you.
* * * LOW HITPOINT WARNING * * *
The porcupine twitches its whiskers.
You barely miss the wolf.
The wolf is almost dead.
The wolf bites you!
You die...

..... .....## .....#.####
..........######
...P......#....####
#.............#.#
#......rh......#####
..#.#...#FhhhF........######
........###@#...........P#P#
.....#.F.####...............
#... #...# ###.###.........
##. ..... ### ##.#...... #
h#....# ##.###... ...P....
####.#.# P. .....#. #####
###.......## #


You could see 2 blink frogs, 4 wolves and a porcupine.

Vanquished Creatures
  A two-headed ogre (D:8)
  Pikel (D:7)
  Joseph (D:9)
  A spiny frog (Lair:1)
  3 hippogriffs
  7 yaks (D:9)
  A basilisk (Lair:1)
  A hell hound (D:9)
  2 sky beasts
  A porcupine (Lair:1)
  An orc warrior (D:9)
  A phantom (D:6)
  A necrophage (D:9)
  2 centaurs
  3 crocodiles
  A big kobold (D:9)
  A scorpion (D:9)
  3 wights (D:9)
  2 crimson imps
  An orc priest (D:9)
  3 bullfrog skeletons
  2 hounds
  Crazy Yiuf (D:6)
  7 worker ants
  2 orc wizards (D:9)
  A worker ant zombie (D:5)
  4 gnolls (D:9)
  3 adders
  2 worms
  A dart slug (D:3)
  4 leopard geckos
  14 orcs
  2 ball pythons
  2 bats
  A giant cockroach (D:1)
  3 hobgoblins
  5 jackals (D:5)
  2 quokkas
  A frilled lizard (D:3)
  2 goblins
  A jackal zombie (D:6)
  5 kobolds
  A leopard gecko skeleton (D:5)
  3 rats (D:3)
107 creatures vanquished.

Vanquished Creatures (others)
  A slave (D:8)
  A scorpion (D:4)
  A hound (D:4)
  An iguana (D:8)
  A giant cockroach (D:4)
  2 frilled lizards (D:4)
  2 plants
9 creatures vanquished.

Grand Total: 116 creatures vanquished

Notes
Turn   | Place    | Note
-------+----------+-------------------------------------------
     0 | D:1      | teukkam the Troll Monk began the quest for the Orb.
     0 | D:1      | Reached XP level 1. HP: 22/22 MP: 0/0
    59 | D:1      | Reached XP level 2. HP: 29/29 MP: 1/1
   211 | D:3      | Reached XP level 3. HP: 25/36 MP: 2/2
   267 | D:3      | Found a bloodstained altar of Trog.
   370 | D:4      | Reached XP level 4. HP: 37/44 MP: 3/3
   503 | D:4      | Found a shimmering altar of Xom.
   549 | D:5      | Entered Level 5 of the Dungeon
   565 | D:5      | Reached XP level 5. HP: 42/53 MP: 4/4
   620 | D:5      | Found a hide-covered altar of Uskayaw.
   684 | D:5      | Reached skill level 4 in Unarmed Combat
   694 | D:5      | Found Maeky's Antique Weapon Emporium.
   853 | D:6      | Found a snail-covered altar of Cheibriados.
   884 | D:6      | Noticed a sky beast
   895 | D:6      | Killed a sky beast
   895 | D:6      | Reached XP level 6. HP: 36/61 MP: 5/5
   936 | D:6      | Found a runed door.
   937 | D:6      | Gained mutation: You heal very quickly. [potion of mutation]
   937 | D:6      | Gained mutation: You are agile. (Dex +2) [potion of mutation]
   937 | D:6      | Lost mutation: You heal very quickly. [potion of mutation]
   937 | D:6      | Gained mutation: You are surrounded by a mild repulsion field. (EV +2) [potion of mutation]
   941 | D:6      | Noticed Crazy Yiuf
   946 | D:6      | Killed Crazy Yiuf
  1106 | D:7      | Reached XP level 7. HP: 62/68 MP: 6/6
  1153 | D:8      | Noticed Pikel
  1153 | D:8      | Noticed a two-headed ogre
  1168 | D:7      | Killed Pikel
  1168 | D:7      | Reached skill level 5 in Unarmed Combat
  1168 | D:7      | Reached XP level 8. HP: 79/79 MP: 7/7
  1211 | D:8      | Killed a two-headed ogre
  1211 | D:8      | Reached skill level 5 in Fighting
  1211 | D:8      | Reached skill level 5 in Dodging
  1211 | D:8      | Reached skill level 6 in Unarmed Combat
  1374 | D:9      | Noticed Joseph
  1488 | D:9      | Noticed a hippogriff
  1511 | D:9      | Killed a hippogriff
  1511 | D:9      | Reached XP level 9. HP: 88/88 MP: 8/8
  1511 | D:9      | Reached skill level 7 in Unarmed Combat
  1656 | D:9      | Found a staircase to the Orcish Mines.
  1658 | D:10     | Entered Level 10 of the Dungeon
  1748 | D:9      | Killed Joseph
  1898 | D:9      | Reached XP level 10. HP: 94/100 MP: 9/9
  1931 | D:9      | Found a staircase to the Lair.
  1968 | D:9      | Reached skill level 8 in Unarmed Combat
  2124 | Lair:1   | Entered Level 1 of the Lair of Beasts
  2197 | Lair:1   | Found a labyrinth entrance.
  2277 | Lair:1   | Noticed a five-headed hydra
  2305 | Lair:1   | Noticed a spiny frog
  2326 | Lair:1   | Killed a spiny frog
  2326 | Lair:1   | Reached skill level 5 in Stealth
  2411 | Lair:2   | HP: 4/100 [wolf (4)]
  2412 | Lair:2   | Slain by a wolf

Skill      XL: |  1  2  3  4  5  6  7  8  9 10 |
---------------+-------------------------------+-----
Fighting       | 3 4 5 6 |  6.9
Dodging        | 3 4 5 6 |  6.9
Unarmed Combat | 4 5 6 7 8 |  8.3
Stealth        | 2 3 4 5 |  5.0

Action                   |  1- 3 |  4- 6 |  7- 9 | 10-12 || total
-------------------------+-------+-------+-------+-------++-------
Melee: Unarmed           |    74 |   111 |   142 |    54 ||   381
       Punch             |     1 |     2 |     3 |     1 ||     7
       Quarterstaff      |       |       |       |     5 ||     5
Evoke: Wand              |       |     1 |    11 |    10 ||    22
  Use: Potion            |       |     2 |     4 |     2 ||     8
       Scroll            |       |       |     5 |     1 ||     6
 Stab: Sleeping          |     2 |     1 |     2 |     4 ||     9
       Paralysed         |       |     2 |       |     2 ||     4
  Eat: Chunk             |     9 |     5 |     9 |     5 ||    28
Armor: Robe              |    23 |    35 |    23 |     8 ||    89
       Skin              |       |       |    13 |       ||    13
Dodge: Dodged            |    38 |    49 |    82 |    77 ||   246
